 Dungeon Crawl Stone Soup version 0.23.1-37-gaa34b87 (webtiles) character file.

Game seed: 17954875489985332787

2450 Lauz the Thaumaturge (level 9, -5/47 HPs)
             Began as a Deep Elf Conjurer on Mar 23, 2019.
             Was a Follower of Vehumet.
             Slain by a bullfrog (9 damage)
             ... on level 7 of the Dungeon.
             The game lasted 00:44:54 (10109 turns).

Lauz the Thaumaturge (Deep Elf Conjurer)           Turns: 10109, Time: 00:44:56

Health: -5/47      AC:  3    Str:  5    XL:     9   Next: 25%
Magic:  14/25      EV: 14    Int: 27    God:    Vehumet [*.....]
Gold:   265        SH:  0    Dex: 15    Spells: 12/29 levels left

rFire    . . .     SeeInvis .   (no weapon)
rCold    . . .     Gourm    .   (no shield)
rNeg     . . .     Faith    .   a - +0 robe
rPois    .         Spirit   .   t - +0 hat "Abimient" {rElec Int+3} (curse)
rElec    +         Reflect  .   h - +0 cloak (curse)
rCorr    .         Harm     .   (no gloves)
MR       +....                  (no boots)
Stlth    ++........             (no amulet)
HPRegen  0.15/turn              k - ring of protection from magic
MPRegen  0.19/turn              (no ring)

@: no status effects
A: no striking features
a: Renounce Religion


You were on level 7 of the Dungeon.
You worshipped Vehumet.
Vehumet was aware of your devotion.
You were not hungry.

You visited 2 branches of the dungeon, and saw 8 of its levels.

You collected 265 gold pieces.

Inventory:

Armour
 a - a +0 robe (worn)
 h - a cursed +0 cloak (worn)
 t - the cursed +0 hat "Abimient" (worn) {rElec Int+3}
   (You found it on level 6 of the Dungeon)

   It affects your intelligence (+3).
   It insulates you from electricity.
   It has a curse placed upon it.
Jewellery
 i - the cursed ring "Heleoq" {*Contam *Slow rF+++ AC-3 Int+2}
   (You took it off a crimson imp on level 5 of the Dungeon)

   [ring of protection]

   It affects your AC (-3).
   It affects your intelligence (+2).
   It renders you almost immune to fire.
   It causes magical contamination when unequipped.
   It may slow you when you take damage.
   It has a curse placed upon it.
 k - a ring of protection from magic (left hand)
Wands
 l - a wand of random effects (27)
 n - a wand of acid (9)
 o - a wand of disintegration (28)
Scrolls
 d - 5 scrolls of identify {unknown}
 e - a scroll of remove curse {unknown}
 g - a scroll of magic mapping
 j - 2 scrolls of enchant weapon {unknown}
 p - a scroll of teleportation
 s - a scroll of amnesia {unknown}
Potions
 b - 4 potions of curing
 f - 2 potions of flight
 m - a potion of haste {unknown}
 r - a potion of invisibility {unknown}
Comestibles
 c - 3 rations


   Skills:
 - Level 1.0 Fighting
 + Level 3.9 Dodging
 - Level 2.4 Stealth
 + Level 0.1 Unarmed Combat
 + Level 10.5 Spellcasting
 + Level 10.4 Conjurations
 + Level 1.5 Hexes
 - Level 2.4 Translocations
 - Level 0.8 Ice Magic


You had 12 spell levels left.
You knew the following spells:

 Your Spells              Type           Power        Failure   Level  Hunger
a - Magic Dart            Conj           ####         1%          1    None
b - Iskenderun's Mystic   Conj           ######..     1%          4    None
c - Force Lance           Conj/Tloc      #####...     3%          4    None
d - Fulminant Prism       Conj/Hex       #####.....   3%          4    None
e - Throw Icicle          Conj/Ice       #####...     4%          4    None

Your spell library contained the following spells:

 Spells                   Type           Power        Failure   Level  Hunger
 Shock                    Conj/Air       ####         1%          1    None
 Searing Ray              Conj           ######       1%          2    None
 Throw Frost              Conj/Ice       #####.       1%          2    None
 Dazzling Spray           Conj/Hex       #####.       1%          3    None
 Freeze                   Ice            ###.         2%          1    None
 Ozocubu's Armour         Chrm/Ice       ###.....     11%         3    None
 Summon Ice Beast         Ice/Summ       ###.....     34%         4    None


Dungeon Overview and Level Annotations

Branches:
Dungeon (7/15)             Temple (1/1) D:6

Altars:
Cheibriados
Gozag
Hepliaklqana
Kikubaaqudgha
Qazlal
Trog
Vehumet
Wu Jian
Xom
Zin


Message History

You kill the worker ant!
Vehumet accepts your kill.
You hear a loud, deep croak!
The centaur shoots an arrow.
The arrow hits you!
A bullfrog comes into view.
The centaur shoots an arrow.
The arrow hits you!
Your fulminant prism explodes!
The blast of energy engulfs the adder zombie!!
You destroy the adder zombie!
Vehumet accepts your kill.
You can now gain magical power from killing.
Vehumet offers you knowledge of Shock.
You hear an angry hiss.
You hear a bark!
The bullfrog closely misses you.
The centaur shoots an arrow.
The arrow hits you!
* * * LOW HITPOINT WARNING * * *
The orc hits you but does no damage. The bullfrog skeleton hits you.
* * * LOW HITPOINT WARNING * * *
The bullfrog hits you!
You die...

......# ......
............
.#+#.
##.........?.
##
#...........# .
###..>.........
.
#..............
.
#..............
.
#.....†o.......
.
......†@.......
.
.......ZF......
.............F.
.##..(........#
#...........#
.'c..........#
..#...5.......#
..##.....#.####
#.#


You could see 2 bullfrogs, a centaur, a crimson imp, an orc and a bullfrog
skeleton.

Vanquished Creatures
  Sigmund (D:5)
  2 ice beasts
  2 orc warriors
  A phantom (D:6)
  A centaur (D:6)
  2 bullfrogs
  2 scorpions (D:7)
  2 killer bees (D:7)
  A centaur zombie (D:6)
  3 crimson imps (D:5)
  5 hounds
  A quasit (D:6)
  A jelly (D:5)
  A gnoll shaman (D:5)
  5 orc priests
  Crazy Yiuf (D:3)
  A bullfrog skeleton (D:4)
  Ijyb (D:5)
  2 iguanas
  6 orc wizards
  8 worker ants
  A howler monkey skeleton (D:5)
  A howler monkey zombie (D:5)
  11 adders
  10 gnolls
  A shadow imp (D:5)
  An adder skeleton (D:4)
  An adder zombie (D:7)
  2 worms (D:3)
  3 dart slugs
  4 leopard geckos
  49 orcs
  7 giant cockroaches
  5 goblins
  6 hobgoblins
  13 jackals
  5 quokkas
  13 bats
  4 frilled lizards
  14 kobolds
  A leopard gecko skeleton (D:5)
  A leopard gecko zombie (D:7)
  2 rats (D:1)
204 creatures vanquished.

Vanquished Creatures (others)
  A frilled lizard (D:2)
  12 fulminant prisms
  A fungus (D:3)
14 creatures vanquished.

Grand Total: 218 creatures vanquished

Notes
Turn   | Place    | Note
-------+----------+-------------------------------------------
     0 | D:1      | Lauz the Deep Elf Conjurer began the quest for the Orb.
     0 | D:1      | Reached XP level 1. HP: 10/10 MP: 6/6
   167 | D:1      | Reached XP level 2. HP: 15/15 MP: 6/8
   305 | D:1      | Reached skill level 5 in Conjurations
   943 | D:1      | Reached XP level 3. HP: 19/19 MP: 7/9
  1635 | D:2      | Found a snail-covered altar of Cheibriados.
  1642 | D:2      | Reached XP level 4. HP: 24/24 MP: 7/11
  2812 | D:3      | Found a runed translucent door.
  2813 | D:3      | Noticed Crazy Yiuf
  2909 | D:2      | Learned a level 4 spell: Iskenderun's Mystic Blast
  2969 | D:3      | Reached XP level 5. HP: 28/28 MP: 8/13
  4182 | D:3      | Reached XP level 6. HP: 32/32 MP: 0/15
  4349 | D:3      | Found an opulent altar of Gozag.
  4433 | D:3      | Learned a level 4 spell: Force Lance
  4438 | D:3      | Learned a level 4 spell: Fulminant Prism
  4450 | D:3      | Killed Crazy Yiuf
  4450 | D:3      | Reached skill level 5 in Spellcasting
  5138 | D:4      | Found a hazy altar of Hepliaklqana.
  5138 | D:4      | Found an ornate altar of the Wu Jian Council.
  5138 | D:4      | Noticed an ice beast
  5142 | D:4      | Killed an ice beast
  5448 | D:4      | Reached XP level 7. HP: 36/36 MP: 9/18
  6348 | D:4      | You fall through a shaft for 2 floors!
  6364 | D:5      | Entered Level 5 of the Dungeon
  6593 | D:5      | Reached skill level 1 in Translocations
  6699 | D:5      | Found a bloodstained altar of Trog.
  6710 | D:5      | Noticed Sigmund
  6739 | D:5      | Reached skill level 1 in Hexes
  7054 | D:5      | Reached XP level 8. HP: 41/41 MP: 15/22
  7069 | D:5      | Killed Sigmund
  7225 | D:5      | Identified the cursed ring "Heleoq" {*Contam *Slow rF+++
                  | AC-3 Int+2}
  7242 | D:5      | Reached skill level 1 in Fighting
  7474 | D:5      | Noticed Ijyb
  7477 | D:5      | Killed Ijyb
  8164 | D:6      | Found a shimmering altar of Xom.
  8757 | D:6      | Found a staircase to the Ecumenical Temple.
  8779 | Temple   | Entered the Ecumenical Temple
  8792 | Temple   | Became a worshipper of Vehumet
  8966 | D:6      | Learned a level 4 spell: Throw Icicle
  9179 | D:6      | Reached XP level 9. HP: 47/47 MP: 1/24
  9376 | D:7      | Reached skill level 10 in Conjurations
  9424 | D:7      | Reached skill level 10 in Spellcasting
  9874 | D:6      | Got a pitted hat
  9880 | D:6      | Identified the cursed +0 hat "Abimient" {rElec Int+3} (You
                  | found it on level 6 of the Dungeon)
 10108 | D:7      | Reached * piety under Vehumet
 10108 | D:7      | Offered knowledge of Shock by Vehumet.
 10109 | D:7      | Slain by a bullfrog

Skill      XL: |  1  2  3  4  5  6  7  8  9 |
---------------+----------------------------+-----
Conjurations   | 5 6 7 8 9 10 | 10.4
Dodging        | 3 |  3.9
Spellcasting   | 4 6 8 9 10 | 10.5
Translocations | 1 2 |  2.4
Hexes          | 1 |  1.5
Fighting       | 1 |  1.0
Stealth        | |  2.4
Unarmed Combat | |  0.1
Ice Magic      | |  0.8

Action                   |  1- 3 |  4- 6 |  7- 9 || total
-------------------------+-------+-------+-------++-------
Melee: Unarmed           |     1 |       |     2 ||     3
 Cast: Magic Dart        |    67 |   159 |   176 ||   402
       Iskenderun's Myst |       |    29 |    62 ||    91
       Force Lance       |       |     5 |    17 ||    22
       Fulminant Prism   |       |       |    12 ||    12
       Throw Icicle      |       |       |     3 ||     3
  Use: Potion            |     1 |       |     3 ||     4
       Scroll            |       |     4 |       ||     4
  Eat: Chunk             |     2 |    11 |    17 ||    30
       Ration            |       |     2 |       ||     2
Armor: Robe              |    13 |     4 |     5 ||    22
       Skin              |       |       |     1 ||     1
Dodge: Dodged            |    47 |    36 |    60 ||   143
